 Dungeon Crawl Stone Soup version 0.28.0-45-g0d030f2227 (webtiles) character file.

Game seed: 10252514031300070452

13 zeratav the Insei (level 2, 0/18 HPs)
             Began as an Octopode Transmuter on Apr 11, 2022.
             Frozen to death by an endoplasm (1 damage)
             ... on level 1 of the Dungeon.
             The game lasted 00:00:33 (664 turns).

zeratav the Insei (Octopode Transmuter)              Turns: 664, Time: 00:00:34

Health: 0/18       AC:  1    Str:  9    XL:     2   Next: 37%
Magic:  5/5        EV: 13    Int: 15    God:
Gold:   35         SH:  0    Dex: 12    Spells: 4/5 levels left

rFire   . . .      SeeInvis .     - Unarmed
rCold   . . .      Faith    .   (no shield)
rNeg    . . .      Spirit   .   (helmet restricted)
rPois   .          Reflect  .   (no amulet)
rElec   .          Harm     .   (no ring)
rCorr   .          Rampage  .   (no ring)
Will    .....                   (no ring)
Stlth   +++.......              (no ring)
HPRegen 0.06/turn               (no ring)
MPRegen 0.09/turn               (no ring)
                                (no ring)
                                (no ring)

@: no status effects
A: almost no armour, amphibious, 8 rings, camouflage 1, gelatinous body 1,
(nimble swimmer 1), tentacles
a: no special abilities


You were on level 1 of the Dungeon.
You visited 1 branch of the dungeon, and saw 1 of its levels.

You collected 35 gold pieces.


Innate Abilities, Weirdness & Mutations

You cannot wear most types of armour.
You are amphibious.
You can wear up to eight rings at the same time.
Your skin changes colour to match your surroundings (Stealth+).
Your rubbery body absorbs attacks. (AC +1, EV +1)
((You are camouflaged when in or above water. (Stealth+)))
You have tentacles for arms and can constrict up to eight enemies at once.


   Skills:
 + Level 1.3 Fighting
 + Level 2.2 Dodging
 + Level 1.1 Stealth
 * Level 3.3 Unarmed Combat
 - Level 2.0 Spellcasting
 - Level 2.0 Transmutations


You had 4 spell levels left.
You knew the following spells:

 Your Spells              Type           Power      Damage    Failure   Level
a - Beastly Appendage     Tmut           14%        N/A       10%         1

Your spell library contained the following spells:

 Spells                   Type           Power      Damage    Failure   Level
 Wereblood                Tmut           7%         N/A       14%         2
 Spider Form              Tmut/Pois      4%         N/A       41%         3
 Ice Form                 Ice/Tmut       4%         N/A       82%         4

Inventory:

Jewellery
 a - a ring of ice
   (You took it off a goblin on level 1 of the Dungeon)
 c - a ring of flight
   (You found it on level 1 of the Dungeon)
Scrolls
 d - a scroll of teleportation {unknown}
Potions
 b - a potion of heal wounds {unknown}
 e - a potion of resistance {unknown}

Dungeon Overview and Level Annotations

Branches:
Dungeon (1/15)

Altars:

#....≈.< .....# #....≈..
#....####+###....≈≈
#....#.....###.....
+#####..........# ##....
................# ##...
................# ##..
.........)......#######.
......J@........'.......
......†.........#....###
...[............#....# #
...........######....# #
...........# #....# #
...........# #....#
...........# #....#
...........# #....#
#....#


You could see an endoplasm.


Message History

You regained 4 hp, and now have 12/18 hp.
Your tentacle spike disappears.
You open the door.
There is an open door here.
You open the door.
There is an open door here.
There is a stone staircase leading down here.
c - a ring of flight HP[+6] MP[+2]
Your hp is fully restored (18).
Your mp is fully restored (5).
d - a scroll labelled KOAVOD OSTU One of your tentacles grows a vicious spike.
Your transformation is almost over.
MP[-1]
You lost 1 mp, and now have 4/5 mp.
Your tentacle spike disappears.
e - an emerald potion MP[+1]
Your mp is fully restored (5).
Found a stone staircase leading down.
You now have 23 gold pieces (gained 13).
You now have 35 gold pieces (gained 12).
You open the door.
A goblin comes into view. It is wielding a +1 vampiric dagger.
There is an open door here.
A goblin is nearby!
One of your tentacles grows a vicious spike.
MP[-1]
You lost 1 mp, and now have 4/5 mp.
An endoplasm comes into view.
Your transformation is almost over.
A dart slug comes into view.
The helpless goblin fails to defend itself.
You tentacle-slap the goblin.
You kill the goblin!
Your Stealth skill increases to level 1!
MP[+1]
Your mp is fully restored (5).
The helpless endoplasm fails to defend itself.
You tentacle-slap the endoplasm.
Your tentacle spike misses the endoplasm.
Your squeeze misses the endoplasm. The endoplasm freezes you.
You are frozen.
HP[-3]
You take 3 damage, and now have 15/18 hp.
You tentacle-slap the endoplasm but do no damage.
You pierce the endoplasm, but do no damage.
Your tentacle spike disappears.
The endoplasm freezes you.
You are frozen.
The dart slug launches a dart at you. The slug dart misses you.
You tentacle-slap the endoplasm. The endoplasm hits you.
* * * LOW HITPOINT WARNING * * *
The dart slug briefly extends its eye-stalks.
You are too injured to fight recklessly!
You are too injured to fight recklessly!
HP[-7]
You take 7 damage, and now have 8/18 hp.
MASSIVE DAMAGE!! (PAUSE)
You are too injured to fight recklessly!
You are too injured to fight recklessly!
You are too injured to fight recklessly!
You are too injured to fight recklessly!
You are too injured to fight recklessly!
You are too injured to fight recklessly!
You are too injured to fight recklessly!
You are too injured to fight recklessly!
You are too injured to fight recklessly!
You are too injured to fight recklessly!
You are too injured to fight recklessly!
You are too injured to fight recklessly!
You are too injured to fight recklessly!
You are too injured to fight recklessly!
You are too injured to fight recklessly!
You are too injured to fight recklessly!
You are too injured to fight recklessly!
You are too injured to fight recklessly!
You tentacle-slap the dart slug. You grab the dart slug.
You squeeze the dart slug.
You kill the dart slug!
The endoplasm misses you.
You tentacle-slap the endoplasm. The endoplasm freezes you.
You are frozen.
* * * LOW HITPOINT WARNING * * *
HP[-5]
You take 5 damage, and now have 3/18 hp.
MASSIVE DAMAGE!! (PAUSE)
You tentacle-slap the endoplasm but do no damage.
You squeeze the endoplasm, but do no damage.
The endoplasm hits you.
* * * LOW HITPOINT WARNING * * *
HP[-2]
You take 2 damage, and now have 1/18 hp.
You barely miss the endoplasm. The endoplasm freezes you.
You are frozen.
You die...

Skill      XL: |  1  2 |
---------------+-------+-----
Stealth        | 1 |  1.1
Fighting       | |  1.3
Dodging        | |  2.2
Unarmed Combat | |  3.3
Spellcasting   | |  2.0
Transmutations | |  2.0

Action                   || total
-------------------------++-------
Melee: Unarmed           ||    27
       Constrict         ||     5
       Kick              ||     5
       Tentacles         ||     4
 Cast: Beastly Appendage ||     4
 Stab: Sleeping          ||     2
Armor: Skin              ||     1
Dodge: Dodged            ||    11

Levels and vault maps discovered:
D:1:      enne_arrival_octagon_isle, layout_basic

Notes
Turn   | Place    | Note
-------+----------+-------------------------------------------
     0 | D:1      | zeratav the Octopode Transmuter began the quest for the
                  | Orb.
     0 | D:1      | Reached XP level 1. HP: 13/13 MP: 3/3
     0 | D:1      | magus.rc [v1.9.6]
    42 | D:1      | HP: 2/13 [frilled lizard (2)]
   325 | D:1      | Reached XP level 2. HP: 12/18 MP: 3/5
   655 | D:1      | Reached skill level 1 in Stealth
   662 | D:1      | HP: 3/18 [frozen (5)]
   663 | D:1      | HP: 1/18 [endoplasm (2)]
   664 | D:1      | Frozen to death by an endoplasm

Vanquished Creatures
  2 dart slugs (D:1)
  2 goblins (D:1)
  A quokka (D:1)
  A frilled lizard (D:1)
  A kobold (D:1)
  3 rats (D:1)
10 creatures vanquished.

Table legend:
 A = Non-vault XP
 B = Vault XP
 C = Vault XP percentage of total XP
 D = Non-vault monster count
 E = Vault monster count
 F = Vault count percentage of total count
                 A         B        C        D         E       F
            +---------+---------+-------+---------+---------+-------
      Total |      19 |       0 |   0.0 |      10 |       0 |   0.0
            +---------+---------+-------+---------+---------+-------
        D:1 |      19 |       0 |   0.0 |      10 |       0 |   0.0
            +---------+---------+-------+---------+---------+-------

Illustrated notes

Table legend:
 A = Kills in this place as a percentage of kills in entire the game.
 B = Kills by you in this place as a percentage of kills by you in the entire game.
 C = Kills by friends in this place as a percentage of kills by friends in the entire game.
 D = Other kills in this place as a percentage of other kills in the entire game.
 E = Experience gained in this place as a percentage of experience gained in the entire game.
 F = Experience gained in this place divided by the number of levels of this place that you have seen.
                   A       B       C       D       E      F
               +-------+-------+-------+-------+-------+----------------------
         Total | 100.0 | 100.0 |   N/A |   N/A | 100.0 |  19.0
       Dungeon | 100.0 | 100.0 |   N/A |   N/A | 100.0 |  19.0
               +-------+-------+-------+-------+-------+----------------------

Table legend: (Time is in decaauts)
 A = Elapsed time spent in this place.
 B = Non-inter-level travel time spent in this place.
 C = Inter-level travel time spent in this place.
 D = Time resting spent in this place.
 E = Time spent auto-exploring this place.
 F = Levels seen in this place.
 G = Mean time per level.
                   A        B        C        D        E       F      G
               +--------+--------+--------+--------+--------+-----+--------+
         Total |    662 |    662 |      0 |      0 |    603 |   1 |  662.0 |
       Dungeon |    662 |    662 |      0 |      0 |    603 |   1 |  662.0 |
               +--------+--------+--------+--------+--------+-----+--------+

Top non-repeatable levels by time:
     D:1: 662 daAuts
